 Dungeon Crawl Stone Soup version 0.19-a0-1238-gee6bd96 (webtiles) character file.

359 Vasilisck the Skirmisher (level 6, 0/56 HPs)
             Began as a Hill Orc Fighter on Aug 26, 2016.
             Was an Initiate of Cheibriados.
             Slain by a gnoll shaman
             ... wielding a +0 club
              (7 damage)
             ... on level 4 of the Dungeon.
             The game lasted 00:05:38 (2759 turns).

Vasilisck the Skirmisher (Hill Orc Fighter)         Turns: 2759, Time: 00:05:38

Health: 0/56       AC:  7    Str: 22    XL:     6   Next: 65%
Magic:  6/6        EV:  7    Int: 14    God:    Cheibriados [......]
Gold:   151        SH: 10    Dex: 11    Spells: 0 memorised, 5 levels left

rFire  . . .     SeeInvis .     a - +0 war axe
rCold  . . .     Gourm    .     b - +0 scale mail
rNeg   . . .     Faith    .     c - +0 shield
rPois  .         Spirit   .     (no helmet)
rElec  .         Dismiss  .     (no cloak)
rCorr  .         Reflect  .     (no gloves)
MR     .....     Harm     .     (no boots)
Stlth  ..........               (no amulet)
                                (no ring)
                                (no ring)

@: brilliant, very slow
A: no striking features
a: Bend Time, Renounce Religion


You were on level 4 of the Dungeon.
You worshipped Cheibriados.
Cheibriados was noncommittal.
You were not hungry.

You visited 1 branch of the dungeon, and saw 4 of its levels.

You collected 151 gold pieces.

Inventory:

Hand Weapons
 a - a +0 war axe (weapon)
Armour
 b - a +0 scale mail (worn)
 c - a +0 shield (worn)
Jewellery
 k - an uncursed ring of ice
Scrolls
 e - 4 scrolls of identify {unknown}
 h - a scroll of random uselessness {unknown}
 i - a scroll of enchant armour {unknown}
 l - a scroll of teleportation {unknown}
 m - a scroll of fear {unknown}
Comestibles
 f - a bread ration
 j - a meat ration


   Skills:
 + Level 5.5 Fighting
 + Level 4.9 Axes
 + Level 4.8 Armour
 + Level 4.8 Shields


You had 5 spell levels left.
You didn't know any spells.

Dungeon Overview and Level Annotations

Branches:
Dungeon (4/15)
 Temple: D:4-7

Altars:
Cheibriados
Makhleb
Qazlal
Yredelemnul


Message History

You barely miss the gnoll. The gnoll hits you with a halberd!
You block the gnoll's attack. The gnoll hits you with a halberd.
You closely miss the gnoll. You hit the gnoll. You block the gnoll's attack.
The gnoll hits you with a halberd!
* * * LOW HITPOINT WARNING * * *
You are too injured to fight recklessly!
You slash the gnoll!
You kill the gnoll!
Cheibriados appreciates the change of pace.
You closely miss the gnoll shaman. You hit the gnoll.
The gnoll barely misses you. The gnoll shaman hits you with a club.
* * * LOW HITPOINT WARNING * * *
You barely miss the gnoll shaman. You slash the gnoll!
You kill the gnoll!
Cheibriados thoroughly appreciates the change of pace.
The gnoll shaman completely misses you.
You slash the gnoll shaman!
The gnoll shaman is heavily wounded.
The gnoll shaman hits you with a club!
You die...

### .. #.. ... #.#
##.## #.# .....
########## #.#......
#........######.#......
#........#.....))..._..
#........#...[.@#
#........+.....g#
#........#...##.#
#.....#'##...##.#
#.....#......#..(
#.....#......#....
#.....+......#.....
##.....#......##.....
..#############


You could see a gnoll shaman.

Vanquished Creatures
  The ghost of Vasilisck the Covered, an amateur FoFi (D:4)
  A hound (D:2)
  4 gnolls (D:4)
  2 adders (D:2)
  An ooze (D:1)
  An adder skeleton (D:4)
  A dart slug (D:3)
  5 giant geckos
  7 bats
  2 giant cockroaches
  8 goblins
  3 hobgoblins
  2 jackals (D:2)
  4 kobolds
  4 quokkas
  6 giant newts
  7 rats
59 creatures vanquished.

Notes
Turn   | Place    | Note
-------+----------+-------------------------------------------
     0 | D:1      | Vasilisck the Hill Orc Fighter began the quest for the Orb.
     0 | D:1      | Reached XP level 1. HP: 19/19 MP: 1/1
   166 | D:1      | Reached XP level 2. HP: 27/27 MP: 2/2
   361 | D:1      | Reached skill level 4 in Fighting
   361 | D:1      | Reached XP level 3. HP: 32/33 MP: 3/3
   691 | D:2      | Found a burning altar of Makhleb.
   702 | D:2      | Reached XP level 4. HP: 30/40 MP: 4/4
  2045 | D:3      | Found a stormy altar of Qazlal.
  2110 | D:3      | Found a snail-covered altar of Cheibriados.
  2135 | D:3      | Became a worshipper of Cheibriados the Contemplative
  2420 | D:4      | Reached XP level 5. HP: 47/47 MP: 5/5
  2498 | D:4      | Noticed Vasilisck's ghost (amateur FoFi)
  2506 | D:4      | Killed Vasilisck's ghost
  2506 | D:4      | Reached skill level 5 in Fighting
  2506 | D:4      | Reached XP level 6. HP: 22/56 MP: 6/6
  2743 | D:4      | Found a basalt altar of Yredelemnul.
  2759 | D:4      | Slain by a gnoll shaman

Vault maps used:
D:1:      lemuel_arrival_room
D:2:      makhleb_blood_cavern_becter, kennysheep_generic_room_12
D:3:      overflow_temple_1_default, kennysheep_slug_shrine, first_bread
D:4:      old_standard_altar, gammafunk_temple_overflow_statue

Skill      XL: |  1  2  3  4  5 |
---------------+----------------+-----
Axes           | 3 4 |  4.9
Fighting       | 4 5 |  5.5
Armour         | 4 |  4.8
Shields        | 4 |  4.8

Action                   |  1- 3 |  4- 6 || total
-------------------------+-------+-------++-------
Melee: War axe           |    73 |   155 ||   228
  Use: Potion            |       |     2 ||     2
  Eat: Chunk             |       |     2 ||     2
       Bread ration      |       |     1 ||     1
Armor: Scale mail        |    34 |    79 ||   113
Dodge: Dodged            |    25 |    49 ||    74
Block: Shield            |    41 |    75 ||   116
